 Dungeon Crawl Stone Soup version 0.31-a0-198-g2ad674f65e (webtiles) character file.

Game seed: 15942512091267019840

96 qw the Shooter (level 4, -1/25 HPs)
             Began as a Deep Elf Hunter on June 25, 2023.
             Slain by an adder (4 damage)
             ... on level 3 of the Dungeon.
             The game lasted 00:00:44 (1819 turns).

qw the Shooter (Deep Elf Hunter)                    Turns: 1819, Time: 00:00:45

Health: -1/25      AC:  3    Str: 10    XL:     4   Next: 41%
Magic:  6/6        EV: 12    Int: 14    God:
Gold:   144        SH:  0    Dex: 18    Spells: 3/3 levels left

rFire   + . .        b - +0 longbow
rCold   . . .        (shield currently unavailable)
rNeg    + . .        c - +0 leather armour
rPois   .            (no helmet)
rElec   .            (no cloak)
rCorr   .            (no gloves)
SInv    .            (no boots)
Will    .....        (no amulet)
Stlth   ++           j - ring of positive energy
HPRegen 0.24/turn    a - ring of protection from fire
MPRegen 0.10/turn

%: no passive effects
@: lethally poisoned (-1 -> -9)
A: no striking features
a: no special abilities


You were on level 3 of the Dungeon.
You visited 1 branch of the dungeon, and saw 3 of its levels.

You collected 144 gold pieces.


   Skills:
 - Level 1.5 Fighting
 + Level 7.8 Ranged Weapons
 - Level 2.4 Dodging
 - Level 1.2 Stealth


You had 3 spell levels left.
You didn't know any spells.
Your spell library was empty.

Inventory:

Hand Weapons
 b - a +0 longbow (weapon)
Armour
 c - a +0 leather armour (worn)
 d - a scarf of repulsion
Jewellery
 a - a ring of protection from fire (right hand)
 e - the amulet "Amup" {Reflect Fragile +Blink rPois Dex+4 SH+5}
   (You found it on level 2 of the Dungeon)

   [amulet of reflection]

   It reflects blocked missile attacks.
   Dex:       It affects your dexterity (+4).
   rPois:     It protects you from poison.
   +Blink:    It lets you blink.
   Fragile:   It will be destroyed if unequipped.
   SH:        It affects your SH (+5).
 j - a ring of positive energy (left hand)
Scrolls
 h - a scroll of identify
Potions
 f - a potion of mutation

Dungeon Overview and Level Annotations

Branches:
Dungeon (3/15)

Altars:


Message History

You now have 144 gold pieces (gained 15).
Found a stone staircase leading up.
Enter note:
Enter note:
Enter note:
Enter note: A hobgoblin comes into view.
The hobgoblin shouts!
The hobgoblin moves out of view.
An adder comes into view.
You shoot an arrow. The arrow closely misses the hobgoblin.
The adder hisses angrily.
You shoot an arrow.
The arrow hits the hobgoblin but does no damage.
You hear a shout!
You shoot an arrow. The arrow hits the hobgoblin!
You kill the hobgoblin!
An adder comes into view.
A hobgoblin comes into view.
You shoot an arrow. The arrow misses the adder.
The adder hisses angrily.
The adder bites you.
You are poisoned.
The adder poisons you!
A ball python comes into view.
You shoot an arrow. The arrow barely misses the adder.
You feel sick. The adder bites you.
You are more poisoned.
The adder poisons you! The hobgoblin hits you. The adder bites you.
You shoot an arrow. The arrow barely misses the adder. x2
You feel very sick. The hobgoblin misses you. The adder bites you.
The hobgoblin hits you. The adder barely misses you.
You shoot an arrow. The arrow closely misses the adder.
You hear the slow rusting of a distant drain.
You feel sick. The adder bites you. x2
You are more poisoned.
The adder poisons you!
The hobgoblin hits you but does no damage.
The adder bites you.
You die...

####.#........##.................
#.#........##%..##............
.........#.##...##............
......###.#.##............#####
.......# #................##
...#.#.## ##....##.........#
..#.#. ####.##.........#
...#..S.#....... ......S@#.......
.........g$S.....
.....#####...... .<... ......
.... ..... .... ..... .... ....


You could see 2 adders, a hobgoblin and a ball python.

Vanquished Creatures
  3 adders
  A worm (D:2)
  2 dart slugs
  4 ball pythons
  5 bats
  6 endoplasms
  A giant cockroach (D:3)
  3 goblins
  8 hobgoblins
  4 jackals (D:1)
  3 quokkas
  3 frilled lizards
  7 kobolds
  9 rats
59 creatures vanquished.

Notes
Turn   | Place    | Note
-------+----------+-------------------------------------------
     0 | D:1      | qw the Deep Elf Hunter began the quest for the Orb.
     0 | D:1      | Reached XP level 1. HP: 12/12 MP: 3/3
     0 | D:1      | 0 ||| qw: Version: 0.3-a-22-g0ed2b0b
     0 | D:1      | 0 ||| qw: Game counter: 5138
     0 | D:1      | 0 ||| qw: Melee chars always use a shield: true
     0 | D:1      | 0 ||| qw: God list: Okawaru
     0 | D:1      | 0 ||| qw: Allow faded altars: false
     0 | D:1      | 0 ||| qw: Do Orc after clearing Dungeon:15 true
     0 | D:1      | 0 ||| qw: Do second Lair branch before Depths: true
     0 | D:1      | 0 ||| qw: Lair rune preference: random
     0 | D:1      | 0 ||| qw: Goals: Normal
     0 | D:1      | 0 ||| PLANNING D:1-11
   183 | D:1      | Reached XP level 2. HP: 16/16 MP: 4/4
   184 | D:1      | Reached skill level 6 in Ranged Weapons
   204 | D:1      | 204 ||| FLEEEEING.
   206 | D:1      | 206 ||| FLEEEEING.
   207 | D:1      | 207 ||| FLEEEEING.
   208 | D:1      | 208 ||| FLEEEEING.
   209 | D:1      | 209 ||| FLEEEEING.
   210 | D:1      | 210 ||| FLEEEEING.
   211 | D:1      | 211 ||| FLEEEEING.
   212 | D:1      | 212 ||| FLEEEEING.
   213 | D:1      | 213 ||| FLEEEEING.
   517 | D:1      | 517 ||| DROPPING +0 sling of freezing.
   657 | D:1      | Reached XP level 3. HP: 20/20 MP: 5/5
   929 | D:1      | 929 ||| UPGRADING to ring of positive energy.
   930 | D:1      | 930 ||| READING scroll labelled GYTTOYREJA.
   931 | D:1      | 931 ||| READING scroll labelled BUKUAF JAUGI.
   932 | D:1      | 932 ||| READING scroll labelled KALIKHLINLY.
   933 | D:1      | 933 ||| READING 2 scrolls labelled DEUMON DURUON.
   934 | D:1      | 934 ||| READING scroll labelled ESEFUU IGUTINNYTIO.
   935 | D:1      | 935 ||| DRINKING 2 puce potions.
   936 | D:1      | 936 ||| DROPPING scroll of butterflies.
   938 | D:1      | 938 ||| Stepping ~*~*~tactically~*~*~ (cloud).
   939 | D:1      | 939 ||| DRINKING potion of curing.
   939 | D:1      | 939 ||| (to cure poison)
  1095 | D:2      | Reached skill level 7 in Ranged Weapons
  1186 | D:2      | Identified the amulet "Amup" {Reflect Fragile +Blink rPois
                  | Dex+4 SH+5}
  1459 | D:2      | Reached XP level 4. HP: 20/25 MP: 6/6
  1606 | D:2      | 1606 ||| UPGRADING to ring of protection from fire.
  1607 | D:2      | 1607 ||| READING scroll labelled ZUPIPA ONITEGI.
  1608 | D:2      | 1608 ||| READING scroll labelled QIEWKAUFAKE.
  1611 | D:2      | 1611 ||| READING scroll labelled DANU HIPHEG.
  1649 | D:2      | 1649 ||| READING 3 scrolls of identify.
  1649 | D:2      | 1649 ||| IDENTIFYING bubbling golden potion
  1650 | D:2      | 1650 ||| READING 2 scrolls of identify.
  1650 | D:2      | 1650 ||| IDENTIFYING murky grey potion
  1651 | D:2      | 1651 ||| DROPPING potion of ambrosia.
  1676 | D:3      | 1676 ||| PLANNING SEWER
  1727 | D:3      | 1727 ||| SWAPPING to +0 longbow.
  1728 | D:3      | 1728 ||| DROPPING +1 shortbow.
  1819 | D:3      | HP: 6/25 [adder (2)]
  1819 | D:3      | Slain by an adder

Levels and vault maps discovered:
D:1:      minmay_arrival_jagged, layout_loops_corners, minmay_octomino_e4
D:2:      layout_loops_ring, st_stairs_1, minmay_crystal_water
D:3:      layout_basic, shapermc_ecumenical_altar_venn, gup_sewer_entry_bowl,
          kennysheep_jessica_study

Skill      XL: |  1  2  3 |
---------------+----------+-----
Ranged Weapons | 6 7 |  7.8
Fighting       | |  1.5
Dodging        | |  2.4
Stealth        | |  1.2

Action                     |  1- 3 |  4- 6 || total
---------------------------+-------+-------++-------
   Fire: Shortbow          |   109 |    10 ||   119
         Longbow           |       |    19 ||    19
    Use: Scroll            |     5 |     5 ||    10
         Potion            |     2 |       ||     2
 Armour: Leather armour    |    10 |     1 ||    11
  Dodge: Dodged            |    31 |     3 ||    34

Table legend:
 A = Non-vault XP
 B = Vault XP
 C = Vault XP percentage of total XP
 D = Non-vault monster count
 E = Vault monster count
 F = Vault count percentage of total count
                 A         B        C        D         E       F
            +---------+---------+-------+---------+---------+-------
      Total |     127 |      11 |   8.0 |      52 |       7 |  11.9
            +---------+---------+-------+---------+---------+-------
        D:1 |      47 |       3 |   6.0 |      28 |       2 |   6.7
        D:2 |      44 |       3 |   6.4 |      16 |       2 |  11.1
        D:3 |      36 |       5 |  12.2 |       8 |       3 |  27.3
            +---------+---------+-------+---------+---------+-------
